AoeStats
← 理御

Arena

510114057Analyzed
4v4 RM · 3d ago on Sep 29, 2026· 41m 3s· 8 players
Game mode
Random Map
Map size
Large (8 player)
Population
200
Speed
Normal
Resources
Standard
Victory
Conquest
Starting age
Dark Age
Ending age
Imperial Age
RankedLock teamsTeams togetherTeam positionsShared explorationLock speedFull tech treeHidden civsTurbo modeCheats
Victory
Defeat
🇨🇦 Britons · Canada
1713
+16
🇺🇸 Slavs · United States
1702
+17
🇬🇧 Inca · United Kingdom
1646
+19
🇺🇸 Aztecs · United States
1616
+20
🇨🇳 Varangians · China
1719
-18
🇰🇿 Magyars · Kazakhstan
1716
-18
🇨🇳 Malians · China
1714
-18
🇭🇰 Japanese · Hong Kong SAR China
1713
-18
理御
10:57 Feudal Age
11:33 Double-Bit Axe
14:41 Castle Age
13:06 Horse Collar
15:39 Bow Saw
19:37 Loom
nagato2025
10:34 Feudal Age
14:11 Castle Age
12:42 Horse Collar
12:49 Double-Bit Axe
17:51 Wheelbarrow
20:17 Hand Cart
20:53 Loom
22:31 Gold Mining
22:43 Heavy Plow
23:07 Bow Saw
27:15 Imperial Age
24:42 Town Watch
24:58 Scale Mail Armor
25:08 Forging
26:10 Squires
25:55 Gambesons
27:17 Capped Ram
30:35 Guilds
31:11 Chain Mail Armor
33:09 Conscription
33:25 Elite Varangian Guard
34:38 Plate Mail Armor
34:04 Elite Varangian Guard
SHell | Denchik_Ne_Lohx
9:09 Loom
11:07 Feudal Age
12:56 Double-Bit Axe
15:20 Castle Age
14:00 Horse Collar
22:24 Bow Saw
27:48 Wheelbarrow
27:09 Town Watch
28:19 Heavy Plow
28:52 Gold Mining
28:52 Stone Mining
29:48 Hand Cart
33:52 Imperial Age
31:15 Fletching
31:54 Ballistics
32:56 Bodkin Arrow
34:22 Padded Archer Armor
34:42 Bracer
35:43 Chemistry
35:23 Thumb Ring
35:05 Heavy Cavalry Archer
36:03 Leather Archer Armor
Hui
10:47 Feudal Age
14:32 Castle Age
12:19 Double-Bit Axe
12:14 Horse Collar
13:55 Loom
16:14 Bow Saw
23:25 Wheelbarrow
23:26 Heavy Plow
25:02 Town Watch
31:13 Imperial Age
29:20 Squires
29:15 Stone Mining
29:16 Gold Mining
29:26 Scale Mail Armor
30:04 Hand Cart
30:04 Fletching
30:25 Forging
30:31 Chain Mail Armor
30:57 Bodkin Arrow
32:12 Iron Casting
31:24 Arson
31:25 Gambesons
32:35 Gold Shaft Mining
33:25 Two-Man Saw
32:29 Elite Samurai
33:30 Conscription
33:42 Plate Mail Armor
35:16 Blast Furnace
35:03 Siege Engineers
34:54 Murder Holes
35:10 Bracer
36:12 Chemistry
36:20 Siege Engineers
36:25 Masonry
Thundernips, The Ultimate Gigolo
10:39 Feudal Age
11:46 Horse Collar
14:23 Castle Age
12:17 Double-Bit Axe
18:30 Bow Saw
18:36 Heavy Plow
27:13 Imperial Age
25:20 Wheelbarrow
25:59 Scale Mail Armor
26:10 Forging
25:56 Loom
26:06 Gold Mining
27:24 Sanctity
26:28 Man-at-Arms
27:28 Chain Mail Armor
28:19 Gold Shaft Mining
27:46 Squires
27:09 Long Swordsman
28:00 Two-Handed Swordsman
29:24 Plate Mail Armor
30:24 Iron Casting
29:39 Champion
30:46 Block Printing
31:06 Theocracy
30:56 Illumination
31:28 Druzhina
32:46 Blast Furnace
32:04 Husbandry
32:22 Capped Ram
33:27 Redemption
34:20 Conscription
34:01 Detinets
33:30 Siege Ram
36:15 Two-Man Saw
38:32 Fletching
39:05 Ballistics
39:49 Chemistry
39:02 Masonry
38:50 Murder Holes
39:29 Bodkin Arrow
Jaxto
8:27 Feudal Age
7:43 Loom
10:28 Fletching
17:31 Scale Mail Armor
18:29 Wheelbarrow
17:41 Double-Bit Axe
19:10 Forging
24:51 Castle Age
23:41 Horse Collar
26:45 Bow Saw
31:07 Imperial Age
29:29 Gold Mining
32:17 Chain Mail Armor
34:09 Iron Casting
34:46 Squires
36:30 Hand Cart
35:47 Capped Ram
37:25 Stone Mining
38:29 Town Watch
38:48 Bodkin Arrow
38:53 Padded Archer Armor
38:59 Siege Ram
40:06 Ballistics
40:08 Arson
42:06 Chemistry
41:07 Bracer
41:25 Leather Archer Armor
41:18 Heavy Plow
Benitto Burrito
11:05 Feudal Age
11:53 Loom
15:08 Castle Age
13:24 Fletching
15:59 Bodkin Arrow
17:26 Stone Mining
36:49 Imperial Age
37:45 Bracer
38:56 Ballistics
38:38 Padded Archer Armor
40:36 Yeomen
TheJenonator
10:32 Feudal Age
10:03 Loom
14:15 Castle Age
12:28 Double-Bit Axe
16:05 Guard Tower
16:37 Fletching
19:53 Horse Collar
24:28 Bow Saw
26:06 Stone Mining
26:14 Gold Mining
28:04 Wheelbarrow
30:22 Gold Shaft Mining
32:27 Imperial Age
30:05 Padded Archer Armor
30:27 Ballistics
30:10 Town Watch
30:22 Bodkin Arrow
31:13 Hand Cart
31:15 Leather Archer Armor
31:54 Crossbowman
33:03 Thumb Ring
32:31 Arbalester
33:11 Bracer
34:14 Chemistry
33:26 Fortified Wall
33:46 Conscription
33:47 Heavy Plow
33:20 Elite Skirmisher
34:34 Ring Archer Armor
35:01 Scale Mail Armor
35:12 Forging
35:04 Squires
34:27 Champi Runner
36:17 Onager
36:37 Champi Warrior
37:33 Chain Mail Armor
38:18 Siege Engineers
38:30 Elite Champi Warrior
39:34 Capped Ram
Connection lost

Rejoining the realm…

Still unreachable

The connection could not be restored.

Session expired

The server has moved on; the page needs a fresh start.